 Dungeon Sprint DCSS version 0.29-a0-330-g52719c12eb (webtiles) character file.

Game seed: 13137425611651625947

6268913 jt the Conqueror (level 17, 208/208 HPs)
             Began as a Naga Berserker on Apr 29, 2022.
             Was the Champion of Trog.
             Escaped with the Orb
             ... and 3 runes on Apr 30, 2022!
             The game lasted 01:03:16 (9659 turns).

jt the Conqueror (Naga Berserker)                   Turns: 9659, Time: 01:03:17

Health: 208/208    AC: 28    Str: 15    XL:     17   Next: 32%
Magic:  33/33      EV:  7    Int: 12    God:    Trog [******]
Gold:   134        SH: 23    Dex: 15    Spells: 16/16 levels left

rFire   + + +      SeeInvis +   a - +9 broad axe (vamp)
rCold   + . .      Faith    .   P - +2 tower shield {reflect}
rNeg    + . .      Spirit   .   M - +0 fire dragon scales
rPois   +          Reflect  +   H - +2 hat
rElec   +          Harm     .   p - +4 dragonskin cloak
rCorr   +          Rampage  .   R - +1 pair of gloves of the Kissing Gods {rC+ MP+9}
Will    ++...      Rage     1%  z - +0 barding "Coaduc" {Regen+ MP+9 Str-3}
Stlth   ++........ NoTele   +   D - amulet of Moerph {RegenMP rF+ rCorr Str-3 Slay+5}
HPRegen 1.24/turn               C - ring of Diantup {rC+ rN+ rCorr Int+3 Dex-3}
MPRegen 0.63/turn               b - ring "Ruloexta" {rElec Dex+6 Slay+2 SInv Stlth+}

@: studying 3 skills, very slow
A: AC +5, large, see invisible, deformed body, poison resistance, slowness 2,
spit poison 1, naga tail 2, berserk 1, low MP 1, screaming 2, weak 2, subdued
magic 1, inability to read while threatened, MP-powered wands
0: Orb of Zot
}: 3/10 runes: decaying, barnacled, silver
a: Spit Poison, Renounce Religion, Berserk, Trog's Hand, Brothers in Arms


You escaped.
You worshipped Trog.
Trog was exalted by your worship.
You visited 1 branch You collected 3504 gold pieces.
You spent 3370 gold pieces at shops.

Inventory:

Hand Weapons
 a - a +9 vampiric broad axe (weapon)
 e - a +3 antimagic broad axe
 n - the +9 war axe of Fallacy {vorpal, Will++ Int-4}
   (Trog gifted it to you in the Dungeon)

   It inflicts extra damage upon your enemies.
   Int:       It affects your intelligence (-4).
   Will:      It greatly increases your willpower.
 v - the +1 war axe of Evolution {vorpal, rElec rPois rF+}
   (You took it off a deep elf high priest in the Dungeon)

   It inflicts extra damage upon your enemies.
   rF:        It protects you from fire.
   rElec:     It insulates you from electricity.
   rPois:     It protects you from poison.
 I - a +4 executioner's axe of flaming
 L - a +3 vorpal broad axe
 X - a +4 antimagic battleaxe
 Y - a +3 vampiric trident
Missiles
 i - 30 boomerangs of dispersal
 w - a boomerang
 F - 3 javelins
 J - 6 curare-tipped darts (quivered)
 S - a silver javelin
Armour
 g - +0 gold dragon scales
 k - a scarf of resistance
 p - the +4 dragonskin cloak (worn)
   (You took it off Tiamat in the Dungeon)

   It grants the wearer a chance to resist fire, cold, poison, electricity,
   acid, and negative energy.
 z - the +0 barding "Coaduc" (worn) {Regen+ MP+9 Str-3}
   (You acquired it in the Dungeon)

   Str:       It affects your strength (-3).
   MP:        It affects your magic capacity (+9).
   Regen:     It increases your rate of health regeneration.
 B - a +1 tower shield of positive energy
 H - a +2 hat (worn)
 M - +0 fire dragon scales (worn)
 P - a +2 tower shield of reflection (worn)
 R - the +1 pair of gloves of the Kissing Gods (worn) {rC+ MP+9}
   (You bought it in a shop in the Dungeon)

   rC:        It protects you from cold.
   MP:        It affects your magic capacity (+9).
Jewellery
 b - the ring "Ruloexta" (right hand) {rElec Dex+6 Slay+2 SInv Stlth+}
   (You bought it in a shop in the Dungeon)

   [ring of dexterity]

   Dex:       It affects your dexterity (+6).
   Slay:      It affects your accuracy & damage with ranged weapons and melee
   (+2).
   rElec:     It insulates you from electricity.
   SInv:      It lets you see invisible.
   Stlth:     It makes you more stealthy.
 l - a ring of protection from fire
 u - an amulet of reflection
 C - the ring of Diantup (left hand) {rC+ rN+ rCorr Int+3 Dex-3}
   (You acquired it in the Dungeon)

   [ring of positive energy]

   Int:       It affects your intelligence (+3).
   Dex:       It affects your dexterity (-3).
   rC:        It protects you from cold.
   rN:        It protects you from negative energy.
   rCorr:     It protects you from acid and corrosion.
 D - the amulet of Moerph (around neck) {RegenMP rF+ rCorr Str-3 Slay+5}
   (You took it off a deep elf high priest in the Dungeon)

   [amulet of magic regeneration]

   It increases your rate of magic regeneration.
   Str:       It affects your strength (-3).
   Slay:      It affects your accuracy & damage with ranged weapons and melee
   (+5).
   rF:        It protects you from fire.
   rCorr:     It protects you from acid and corrosion.
 E - a ring of flight
 W - the ring of Bifras {Will+ Stlth+}
   (You found it in the Dungeon)

   [ring of willpower]

   Will:      It increases your willpower.
   Stlth:     It makes you more stealthy.
Wands
 K - a wand of acid (3)
 T - a wand of digging (12)
 V - a wand of iceblast (6)
Scrolls
 h - a scroll of blinking
 j - 4 scrolls of holy word
 q - a scroll of enchant armour {unknown}
 x - a scroll of vulnerability
 y - 3 scrolls of magic mapping
 N - 2 scrolls of fear
 Z - 2 scrolls of silence
Potions
 c - 5 potions of curing
 d - a potion of heal wounds
 f - 5 potions of magic
 m - a potion of mutation
 O - a potion of lignification
 U - a potion of attraction
Miscellaneous
 o - a lightning rod (4/4)
 r - a tin of tremorstones (2/2)
 s - a phantom mirror
 t - a piece from Xom's chessboard (15/15)
 A - a phial of floods
 G - a condenser vane
 Q - a box of beasts


   Skills:
 O Level 27 Fighting
 - Level 24.0 Axes
 - Level 6.0 Throwing
 - Level 9.3 Armour
 - Level 9.3 Dodging
 - Level 13.7 Stealth
 + Level 20.0 Shields
 O Level 27 Evocations


You had 16 spell levels left.
You didn't know any spells.
Your spell library contained the following spells:

 Spells                   Type           Power      Damage    Failure   Level
 Blade Hands              Tmut           0%         N/A       100%        5
 Irradiate                Conj/Tmut      0%         3d13      100%        5
 Dragon Form              Tmut           0%         N/A       100%        7


Dungeon Overview and Level Annotations

Branches:
Dungeon (1/1)

Altars:
Cheibriados
Dithmenos
Fedhas
Gozag
Hepliaklqana
Kikubaaqudgha
Makhleb
Nemelex Xobeh
Okawaru
Qazlal
Ru
Sif Muna
Trog
Uskayaw
Vehumet
Wu Jian
Xom
Yredelemnul
Beogh
Jiyva
Lugonu

Shops:
D :?[?!![=[![!(((*:[![=??

Annotations:
D Roxanne


Innate Abilities, Weirdness & Mutations

Your serpentine skin is tough. (AC +5)
You have supernaturally acute eyesight. (SInv)
Armour fits poorly on your strangely shaped body.
Your system is resistant to poisons. (rPois)
You cover ground very slowly.
You can spit poison.
You can use your snake-like lower body to constrict enemies.
You tend to lose your temper in combat.
Your magical capacity is low. (-10% MP)
You frequently scream uncontrollably at your foes.
You are very weak. (Str -4)
Your spells are a little easier to cast, but a little less powerful.
You sometimes lose the ability to read scrolls when taking damage.
You expend magic power (3 MP) to strengthen your wands.


Message History

i - 30 boomerangs of dispersal (gained 10)
You see here a +2 long sword.
You are engulfed in freezing vapours.
You resist.
You are engulfed in freezing vapours.
You resist.
There is an open door here.
There is an open door here.
Items here: )) [[[.
There is an open door, spattered with blood here.
There is an open door here.
There is an open door here.
There is an open door here.
There is an open door here.
There is an open door here.
You see here a +3 great sword.
You hear a grinding noise.
There is an open door here.
You hear a grinding noise.
You see here a +0 flail.
You hear a grinding noise.
There is an open door here.
There is an open door, spattered with blood here.
You see here a +1 great mace of freezing.
There is an open door here.
You see here a +0 shortbow.
There is an open door, spattered with blood here.
You see here a +1 double sword.
There is an open door, spattered with blood here.
You enter the shallow water.
Moving in this stuff is going to be slow.
You enter the shallow water.
Moving in this stuff is going to be slow.
You see here a +0 dagger.
There is an open door here.
There is an open door here.
There is a fountain of clear blue water here.
There is an open door to the Ecumenical Temple here.
Things that are here:
a +0 robe; a +0 dagger
There is a staircase leading out of the dungeon here.
You have escaped!

▓▓▓▓▓▓▓▓▓ ▓▓
▓@..#...#### ##.
▓...#......#####..
▓..##...[...#..#..
▓##.##.##...#..#..
##.##.###..##'#..
▓#.####.##..###...
▓.###..##..####...
▓#.....##..###....
###..##...##.....


There were no monsters in sight!

Vanquished Creatures
  An ancient lich (D)
  Tiamat (D)
  An orb of fire (D)
  Mara (D)
  Sojobo (D)
  Sigmund (D)
  Xtahua (D)
  Nikola (D)
  A golden dragon (D)
  2 bone dragons (D)
  An electric golem (D)
  A pandemonium lord (D)
  Rupert (D)
  A lich (D)
  3 titans (D)
  2 Orb Guardians (D)
  A quicksilver dragon (D)
  A deep elf blademaster (D)
  Gastronok (D)
  Polyphemus (D)
  Chuck (D)
  2 Executioners (D)
  An ancient champion (D)
  3 shadow dragons (D)
  Ilsuiw (D)
  A fire giant (D)
  4 azure jellies (D)
  A frost giant (D)
  A draconian shifter (D)
  2 draconian scorchers (D)
  3 draconian stormcallers (D)
  4 vampire knights (D)
  3 stone giants (D)
  Nessos (D)
  2 deep elf demonologists (D)
  A demonspawn black sun (D)
  2 dire elephants (D)
  2 deep elf annihilators (D)
  Azrael (D)
  A yellow draconian (D)
  An entropy weaver (shapeshifter) (D)
  A deep elf death mage (D)
  A mummy priest (D)
  4 fire dragons (D)
  3 yaktaur captains (D)
  Josephine (D)
  A merfolk javelineer (D)
  19 vault guards (D)
  A deep elf high priest (D)
  3 hydras (D)
  An ogre mage (D)
  3 centaur warriors (D)
  3 dancing weapons (D)
  A two-headed ogre (shapeshifter) (D)
  4 death yaks (D)
  Urug (D)
  4 deep elf knights (D)
  A soul eater (D)
  6 skeletal warriors (D)
  A shadow wraith (D)
  A death drake (D)
  A sea snake (D)
  A spriggan druid (D)
  An orange crystal statue (D)
  A glowing orange brain (D)
  An obsidian statue (D)
  A deep elf pyromancer (D)
  A lindwurm (D)
  2 deep elf zephyrmancers (D)
  7 ugly things (D)
  2 oklob plants (D)
  4 crystal guardians (D)
  An orc sorcerer (D)
  A moth of wrath (D)
  A faun (shapeshifter) (D)
  A shining eye (D)
  2 elephants (D)
  An iron troll simulacrum (D)
  A molten gargoyle (D)
  2 black mambas (D)
  2 cane toads (D)
  Edmund (D)
  5 yaktaurs (D)
  A rime drake (D)
  2 unseen horrors (D)
  A komodo dragon (D)
  2 guardian mummies (D)
  3 wandering mushrooms (D)
  4 spriggan defenders (D)
  A queen bee (D)
  5 statues (D)
  2 tyrant leeches (D)
  8 blink frogs (D)
  An orc high priest (D)
  3 hornets (D)
  3 dream sheep (D)
  8 slime creatures (D)
  A shadow (D)
  2 spriggans (D)
  A golden eye (D)
  3 redbacks (D)
  2 hell hounds (D)
  A floating eye (D)
  A swamp drake (D)
  2 orc warriors (D)
  2 black mamba simulacra (D)
  2 centaurs (D)
  An earth elemental (D)
  A necrophage (D)
  A water elemental (D)
  32 killer bees (D)
  6 electric eels (D)
  A jelly (D)
  7 orc priests (D)
  Jessica (D)
  A wizard (D)
  3 orc wizards (D)
  7 necromancers (D)
  2 polar bear simulacra (D)
  3 humans (D)
  A kobold demonologist (D)
  A wolf (D)
  An adder simulacrum (D)
  8 orcs (D)
  A bat zombie (D)
  An endoplasm (D)
  A quokka zombie (D)
  2 rats (D)
  7 butterflies (D)
  2 plants (D)
314 creatures vanquished.

Vanquished Creatures (collateral kills)
  A dancing weapon (D)
1 creature vanquished.

Vanquished Creatures (others)
  A storm dragon (D)
  A sixfirhy (D)
  4 ball lightnings (D)
  4 ballistomycete spores (D)
  A bush (D)
  37 plants (D)
48 creatures vanquished.

Grand Total: 363 creatures vanquished

Notes
Turn   | Place    | Note
-------+----------+-------------------------------------------
     0 | D        | jt the Naga Berserker began the quest for the Orb.
     0 | D        | Reached XP level 1. HP: 21/21 MP: 1/1
    48 | D        | Reached ** piety under Trog
    56 | D        | Noticed Jessica
    62 | D        | Killed Jessica
    63 | D        | Reached XP level 2. HP: 12/28 MP: 2/2
    63 | D        | Reached XP level 3. HP: 15/34 MP: 3/3
   315 | D        | Reached XP level 4. HP: 42/42 MP: 4/4
   354 | D        | Gained mutation: Your magical capacity is low. (-10% MP)
                  | [potion of mutation]
   354 | D        | Gained mutation: You are frail. (-10% HP) [potion of
                  | mutation]
   354 | D        | Gained mutation: Your movements are slightly less
                  | encumbered by armour. (ER -2) [potion of mutation]
   355 | D        | Lost mutation: Your movements are slightly less encumbered
                  | by armour. (ER -2) [potion of mutation]
   355 | D        | Lost mutation: You are frail. (-10% HP) [potion of
                  | mutation]
   355 | D        | Gained mutation: You are agile. (Dex +2) [potion of
                  | mutation]
   356 | D        | Lost mutation: Your magical capacity is low. (-10% MP)
                  | [potion of mutation]
   356 | D        | Lost mutation: You are agile. (Dex +2) [potion of mutation]
   356 | D        | Gained mutation: Your spells are a little harder to cast,
                  | but a little more powerful. [potion of mutation]
   357 | D        | Noticed a water elemental
   363 | D        | Killed a water elemental
   363 | D        | Reached *** piety under Trog
   364 | D        | Reached skill level 10 in Axes
   364 | D        | Reached XP level 5. HP: 49/49 MP: 3/5
   412 | D        | Found a shadowy altar of Dithmenos.
   418 | D        | Found a basalt altar of Yredelemnul.
   418 | D        | Found a sacrificial altar of Ru.
   474 | D        | Noticed a shadow
   481 | D        | Reached XP level 6. HP: 58/58 MP: 6/6
   484 | D        | Killed a shadow
   484 | D        | Reached **** piety under Trog
   551 | D        | Found a blossoming altar of Fedhas.
   551 | D        | Found a stormy altar of Qazlal.
   552 | D        | Found a snail-covered altar of Cheibriados.
   552 | D        | Found a burning altar of Makhleb.
   552 | D        | Found a hazy altar of Hepliaklqana.
   552 | D        | Found a shimmering altar of Xom.
   552 | D        | Found an opulent altar of Gozag.
   552 | D        | Found a sparkling altar of Nemelex Xobeh.
   552 | D        | Found a corrupted altar of Lugonu.
   552 | D        | Found a viscous altar of Jiyva.
   552 | D        | Noticed a spatial vortex
   572 | D        | Found a hide-covered altar of Uskayaw.
   572 | D        | Found an iron altar of Okawaru.
   572 | D        | Found a bloodstained altar of Trog.
   572 | D        | Found an ornate altar of the Wu Jian Council.
   572 | D        | Noticed a human
   572 | D        | Noticed a human
   587 | D        | Killed a human
   588 | D        | Reached skill level 5 in Armour
   588 | D        | Reached skill level 5 in Dodging
   588 | D        | Reached XP level 7. HP: 70/70 MP: 7/7
   594 | D        | Killed a human
   651 | D        | Found a radiant altar of Vehumet.
   652 | D        | Found a shimmering blue altar of Sif Muna.
   652 | D        | Found an ancient bone altar of Kikubaaqudgha.
   722 | D        | Noticed Josephine
   728 | D        | Killed Josephine
   729 | D        | Reached skill level 5 in Evocations
   729 | D        | Reached XP level 8. HP: 80/81 MP: 8/8
   898 | D        | Reached ***** piety under Trog
   900 | D        | Received a gift from Trog
   900 | D        | Noticed an orc sorcerer
   906 | D        | Received a gift from Trog
   907 | D        | Reached XP level 9. HP: 80/90 MP: 9/9
   911 | D        | Killed an orc sorcerer
   911 | D        | Reached ****** piety under Trog
   929 | D        | Found Ynlasmyu's Magic Scroll Shoppe.
  1014 | D        | Bought a scroll of blinking for 90 gold pieces
  1014 | D        | Bought a scroll of vulnerability for 90 gold pieces
  1014 | D        | Bought a scroll of enchant weapon for 90 gold pieces
  1014 | D        | Bought a scroll of magic mapping for 42 gold pieces
  1014 | D        | Bought a scroll of blinking for 90 gold pieces
  1014 | D        | Bought a scroll of acquirement for 624 gold pieces
  1061 | D        | Noticed a centaur warrior
  1064 | D        | Received a gift from Trog
  1072 | D        | Killed a centaur warrior
  1319 | D        | Noticed an unseen horror
  1329 | D        | Killed an unseen horror
  1330 | D        | Reached skill level 10 in Fighting
  1468 | D        | Noticed an unseen horror
  1483 | D        | Killed an unseen horror
  1484 | D        | Reached XP level 10. HP: 79/102 MP: 3/10
  1616 | D        | Received a gift from Trog
  1627 | D        | Noticed a cane toad
  1627 | D        | Noticed a cane toad
  1631 | D        | Killed a cane toad
  1637 | D        | Killed a cane toad
  2236 | D        | Identified the +6 dagger of Ceozais {vorpal, Stlth+} (Trog
                  | gifted it to you in the Dungeon)
  2236 | D        | Received a gift from Trog
  2393 | D        | Noticed a lindwurm
  2402 | D        | Killed a lindwurm
  2403 | D        | Reached skill level 10 in Evocations
  2819 | D        | Reached skill level 15 in Axes
  2819 | D        | Reached XP level 11. HP: 89/114 MP: 3/11
  2819 | D        | Noticed Urug
  2824 | D        | Killed Urug
  3172 | D        | Received a gift from Trog
  3376 | D        | Noticed Rupert
  3390 | D        | Killed Rupert
  3469 | D        | Noticed a death yak
  3469 | D        | Noticed a death yak
  3470 | D        | Noticed a death yak
  3472 | D        | Noticed a death yak
  3475 | D        | Killed a death yak
  3477 | D        | Killed a death yak
  3477 | D        | Received a gift from Trog
  3479 | D        | Killed a death yak
  3480 | D        | Reached skill level 5 in Stealth
  3484 | D        | Killed a death yak
  3629 | D        | Noticed an azure jelly
  3629 | D        | Noticed an azure jelly
  3635 | D        | Received a gift from Trog
  3802 | D        | Noticed an azure jelly
  3802 | D        | Noticed an azure jelly
  3804 | D        | Noticed a dire elephant
  3804 | D        | Noticed a dire elephant
  3804 | D        | Noticed Gastronok
  3809 | D        | Reached XP level 12. HP: 125/129 MP: 4/12
  3814 | D        | Killed Gastronok
  3821 | D        | Killed a dire elephant
  3822 | D        | Reached skill level 10 in Stealth
  3824 | D        | Killed a dire elephant
  3824 | D        | Received a gift from Trog
  3825 | D        | Reached skill level 15 in Fighting
  3841 | D        | Acquired the +0 barding "Coaduc" {Regen+ MP+9 Str-3}
  3941 | D        | Killed an azure jelly
  3949 | D        | Killed an azure jelly
  3954 | D        | Killed an azure jelly
  3964 | D        | Killed an azure jelly
  4140 | D        | Received a gift from Trog
  4142 | D        | Received a gift from Trog
  4144 | D        | Received a gift from Trog
  4151 | D        | Reached skill level 15 in Evocations
  4161 | D        | Received a gift from Trog
  4214 | D        | Noticed Sigmund
  4214 | D        | Noticed Edmund
  4227 | D        | Killed Edmund
  4233 | D        | Killed Sigmund
  4234 | D        | Gained mutation: You can use your snake-like lower body to
                  | constrict enemies. [Naga growth]
  4234 | D        | Reached XP level 13. HP: 142/142 MP: 7/13
  4282 | D        | Received a gift from Trog
  4317 | D        | Reached skill level 1 in Throwing
  4422 | D        | Received a gift from Trog
  4481 | D        | Noticed a fire dragon
  4492 | D        | Killed a fire dragon
  4718 | D        | Received a gift from Trog
  4720 | D        | Noticed Polyphemus
  4723 | D        | Reached skill level 5 in Throwing
  4728 | D        | Killed Polyphemus
  4793 | D        | Noticed Ilsuiw
  4807 | D        | Killed Ilsuiw
  4810 | D        | Found Foraog's Distillery.
  4846 | D        | Found Miuhoch's Antique Armour Shop.
  4847 | D        | Found Qiableush's Jewellery Shoppe.
  4848 | D        | Noticed a merfolk javelineer
  4852 | D        | Killed a merfolk javelineer
  4852 | D        | Received a gift from Trog
  4923 | D        | Bought a potion of heal wounds for 65 gold pieces
  4923 | D        | Bought a potion of curing for 39 gold pieces
  4923 | D        | Bought a potion of heal wounds for 65 gold pieces
  4923 | D        | Bought a potion of haste for 130 gold pieces
  4924 | D        | Bought a pair of faintly humming gloves for 237 gold pieces
  4924 | D        | Identified the +1 pair of gloves of the Kissing Gods {rC+
                  | MP+9} (You bought it in a shop in the Dungeon)
  4943 | D        | Got a barnacled rune of Zot
  4989 | D        | Found a blossoming altar of Fedhas.
  5046 | D        | Received a gift from Trog
  5166 | D        | Noticed a deep elf annihilator
  5174 | D        | Noticed a deep elf demonologist
  5177 | D        | Received a gift from Trog
  5290 | D        | Noticed a deep elf demonologist
  5291 | D        | Noticed a deep elf annihilator
  5291 | D        | Noticed a deep elf death mage
  5295 | D        | Noticed a deep elf blademaster
  5296 | D        | Killed a deep elf annihilator
  5296 | D        | Received a gift from Trog
  5298 | D        | Noticed a blizzard demon
  5449 | D        | Noticed a yaktaur captain
  5488 | D        | Killed a yaktaur captain
  5501 | D        | Reached XP level 14. HP: 104/157 MP: 10/14
  5597 | D        | Noticed Chuck
  5629 | D        | Received a gift from Trog
  6034 | D        | Reached skill level 1 in Shields
  6180 | D        | Noticed Azrael
  6185 | D        | Killed Azrael
  6207 | D        | Acquired 731 gold pieces
  6275 | D        | Bought the ring "Ruloexta" {rElec Dex+6 Slay+2 SInv Stlth+}
                  | for 966 gold pieces
  6377 | D        | Identified the +1 war axe of Evolution {vorpal, rElec rPois
                  | rF+}
  6377 | D        | Identified the amulet of Moerph {RegenMP rF+ rCorr Str-3
                  | Slay+5}
  6507 | D        | Received a gift from Trog
  6550 | D        | Killed a deep elf annihilator
  6551 | D        | Noticed an Ice Fiend
  6551 | D        | Killed a deep elf demonologist
  6563 | D        | Killed a deep elf demonologist
  6592 | D        | Killed a deep elf blademaster
  6625 | D        | Identified the +0 pair of boots of Calculation {rPois rC+}
  6759 | D        | Found Laok's Book Shoppe.
  6759 | D        | Found Riubuoce's Magic Scroll Boutique.
  6773 | D        | Identified the +9 quarterstaff of Konoab {flame, rElec rF+
                  | Str+4} (Trog gifted it to you in the Dungeon)
  6773 | D        | Received a gift from Trog
  6774 | D        | Reached skill level 5 in Shields
  6774 | D        | Found Zoas's Antique Armour Emporium.
  6813 | D        | Bought a scroll of immolation for 38 gold pieces
  6830 | D        | Noticed Xtahua
  6855 | D        | Killed Xtahua
  6860 | D        | Got a decaying rune of Zot
  7089 | D        | Killed Chuck
  7136 | D        | Noticed Sojobo
  7141 | D        | Noticed a broodmother
  7141 | D        | an ice dragon changed into a broodmother
  7143 | D        | Noticed an entropy weaver
  7143 | D        | a broodmother changed into an entropy weaver
  7148 | D        | Killed Sojobo
  7153 | D        | Killed an entropy weaver
  7153 | D        | Received a gift from Trog
  7215 | D        | Noticed a lich
  7220 | D        | Killed a lich
  7236 | D        | Noticed a shadow dragon
  7236 | D        | Noticed a shadow dragon
  7245 | D        | Killed a shadow dragon
  7246 | D        | Received a gift from Trog
  7247 | D        | Reached XP level 15. HP: 142/172 MP: 15/15
  7249 | D        | Killed a shadow dragon
  7336 | D        | Gained mutation: You are weak. (Str -2) [a neqoxec]
  7379 | D        | Noticed a shadow dragon
  7379 | D        | Noticed a golden dragon
  7379 | D        | Noticed a quicksilver dragon
  7379 | D        | Noticed a titan
  7380 | D        | Noticed a titan
  7384 | D        | Received a gift from Trog
  7384 | D        | Received a gift from Trog
  7384 | D        | Killed a quicksilver dragon
  7384 | D        | Killed a shadow dragon
  7384 | D        | Identified the +7 battleaxe "Punu" {vorpal, Str+3} (Trog
                  | gifted it to you in the Dungeon)
  7384 | D        | Received a gift from Trog
  7385 | D        | Reached skill level 10 in Shields
  7387 | D        | Killed a golden dragon
  7387 | D        | Killed a titan
  7387 | D        | Received a gift from Trog
  7387 | D        | Killed a titan
  7438 | D        | Acquired the ring of Diantup {rC+ rN+ rCorr Int+3 Dex-3}
  7482 | D        | Identified the ring of Bifras {Will+ Stlth+}
  7488 | D        | Got a silver rune of Zot
  7651 | D        | Received a gift from Trog
  7676 | D        | Identified the +2 dagger of Greed {vorpal, rC+}
  7686 | D        | Noticed a bone dragon
  7698 | D        | Killed a bone dragon
  7745 | D        | Paralysed by a vampire knight for 2 turns
  7804 | D        | Noticed a bone dragon
  7811 | D        | Killed a bone dragon
  7823 | D        | Received a gift from Trog
  7834 | D        | Reached XP level 16. HP: 188/188 MP: 16/16
  7938 | D        | Received a gift from Trog
  7950 | D        | Found Ceits's Antique Armour Emporium.
  7950 | D        | Found Uwuzia's Distillery.
  7950 | D        | Found Botoll's General Store.
  7950 | D        | Found Zecis's Magic Scroll Shoppe.
  7950 | D        | Found Qeqer's Book Boutique.
  7950 | D        | Found Qahyu's Antique Weapon Shoppe.
  7950 | D        | Found Imuekk's Magic Scroll Shop.
  7950 | D        | Found Ecrifid's Antique Weapon Shop.
  7950 | D        | Found Zuapiomn's Jewellery Emporium.
  7950 | D        | Found Edaafi Kecku's Antique Weapon Emporium.
  7950 | D        | Found Pesykev's Armour Boutique.
  8001 | D        | Bought a scarf of resistance for 320 gold pieces
  8008 | D        | Bought a scroll of holy word for 97 gold pieces
  8008 | D        | Bought a scroll of holy word for 97 gold pieces
  8012 | D        | Bought a scroll of enchant weapon for 82 gold pieces
  8012 | D        | Bought a scroll of enchant weapon for 82 gold pieces
  8014 | D        | Bought a runed broad axe for 126 gold pieces
  8080 | D        | Received a gift from Trog
  8106 | D        | Found Ziji's Distillery.
  8107 | D        | Found Raerin's Distillery.
  8107 | D        | Found Koptimm's Armour Shop.
  8107 | D        | Found Dycvas's Armour Emporium.
  8156 | D        | Identified Roxanne's Compendium of the Mountains
  8156 | D        | Noticed Roxanne
  8164 | D        | Found Ulediuts's Distillery.
  8175 | D        | Received a gift from Trog
  8288 | D        | Noticed an Executioner
  8292 | D        | Killed an Executioner
  8329 | D        | Noticed Mara
  8340 | D        | Received a gift from Trog
  8342 | D        | Killed Mara
  8344 | D        | Reached skill level 15 in Shields
  8377 | D        | Noticed an ancient champion
  8381 | D        | Killed an ancient champion
  8387 | D        | Received a gift from Trog
  8479 | D        | Noticed a storm dragon
  8482 | D        | Noticed Nikola
  8492 | D        | Killed a storm dragon
  8493 | D        | Killed Nikola
  8493 | D        | Identified the +9 war axe of Fallacy {vorpal, Will++ Int-4}
                  | (Trog gifted it to you in the Dungeon)
  8493 | D        | Received a gift from Trog
  8794 | D        | Noticed Nessos
  8809 | D        | Killed Nessos
  8809 | D        | Received a gift from Trog
  8869 | D        | Noticed a Killer Klown
  8889 | D        | Noticed a titan
  8889 | D        | a Killer Klown changed into a titan
  8895 | D        | Killed a titan
  8895 | D        | Received a gift from Trog
  8923 | D        | Noticed an Orb Guardian
  8923 | D        | Noticed an Orb Guardian
  8928 | D        | Killed an Orb Guardian
  8932 | D        | Killed an Orb Guardian
  8943 | D        | Received a gift from Trog
  9008 | D        | Noticed an ancient lich
  9020 | D        | Killed an ancient lich
  9043 | D        | Noticed an electric golem
  9047 | D        | Killed an electric golem
  9056 | D        | Reached XP level 17. HP: 195/207 MP: 17/17
  9106 | D        | Found the +4 dragonskin cloak
  9106 | D        | Noticed Tiamat
  9120 | D        | Received a gift from Trog
  9122 | D        | Reached skill level 27 in Fighting
  9131 | D        | Killed Tiamat
  9208 | D        | Noticed an orb of fire
  9214 | D        | Gained mutation: You sometimes lose the ability to read
                  | scrolls when taking damage. [an orb of fire]
  9225 | D        | Gained mutation: You are very weak. (Str -4) [an orb of
                  | fire]
  9227 | D        | Gained mutation: You do not regenerate when monsters are
                  | visible. [mutagenic glow]
  9229 | D        | Killed an orb of fire
  9230 | D        | Reached skill level 27 in Evocations
  9234 | D        | Noticed an Orb Guardian
  9234 | D        | Noticed an Orb Guardian
  9235 | D        | Noticed an Orb Guardian
  9236 | D        | Paralysed by a floating eye for 3 turns
  9237 | D        | Gained mutation: Your magical capacity is low. (-10% MP)
                  | [mutagenic glow]
  9253 | D        | Gained mutation: You occasionally shout uncontrollably at
                  | your foes. [mutagenic glow]
  9264 | D        | Gained mutation: You tend to lose your temper in combat.
                  | [mutagenic glow]
  9277 | D        | Lost mutation: Your spells are a little harder to cast, but
                  | a little more powerful. [mutagenic glow]
  9297 | D        | Gained mutation: You frequently scream uncontrollably at
                  | your foes. [mutagenic glow]
  9407 | D        | Got the Orb of Zot
  9418 | D        | Lost mutation: You do not regenerate when monsters are
                  | visible. [mutagenic glow]
  9423 | D        | Gained mutation: You expend magic power (3 MP) to
                  | strengthen your wands. [mutagenic glow]
  9436 | D        | Noticed an Executioner
  9439 | D        | Gained mutation: Your spells are a little easier to cast,
                  | but a little less powerful. [mutagenic glow]
  9441 | D        | Killed an Executioner
  9460 | D        | Noticed Lotaij the pandemonium lord
  9472 | D        | Killed Lotaij the pandemonium lord
  9472 | D        | Received a gift from Trog
  9659 | D        | Escaped with the Orb!

Illustrated notes

Levels and vault maps discovered:
D:        dungeon_sprint_mu [sprint_mu_entry_cave, sprint_mu_temple_rooms,
          sprint_mu_d1_horrors, sprint_mu_d2_genie, sprint_mu_d3_branching,
          sprint_mu_orc_legion, sprint_mu_elf_gauntlet, sprint_mu_hive_nellie,
          sprint_mu_lair_fedhas, sprint_mu_vaults_butterflies,
          sprint_mu_slime_circle, sprint_mu_swamp_cave, sprint_mu_shoals_archi,
          sprint_mu_blade_basic, sprint_mu_crypt_chambers,
          sprint_mu_tomb_spiral, sprint_mu_vestibule_basic,
          sprint_mu_gehenna_hellfire, sprint_mu_dis_giant,
          sprint_mu_tartarus_statrot, sprint_mu_cocytus_islands, sprint_mu_zot1]

Skill      XL: |  1  2  3  4  5  6  7  8  9 10 11 12 13 14 15 16 17 |
---------------+----------------------------------------------------+-----
Axes           | 6 8 10 11 12 13 15 16 18 20 22 24 | 24.0
Armour         | 3 5 6 7 8 9 |  9.3
Dodging        | 3 5 6 7 8 9 |  9.3
Fighting       | 4 6 8 10 11 14 16 18 21 23 26 27 | 27.0
Evocations     | 2 5 6 8 10 13 15 18 20 23 26 27 | 27.0
Stealth        | 8 13 | 13.7
Throwing       | 6 |  6.0
Shields        | 8 12 17 20 | 20.0

Action                   |  1- 3 |  4- 6 |  7- 9 | 10-12 | 13-15 | 16-18 || total
-------------------------+-------+-------+-------+-------+-------+-------++-------
Melee: Hand axe          |    16 |    32 |    54 |       |       |       ||   102
       Punch             |       |       |     1 |       |       |       ||     1
       Battleaxe         |       |       |    22 |   216 |   125 |       ||   363
       Executioner's axe |       |       |       |       |   117 |    25 ||   142
       Constrict         |       |       |       |       |    35 |    43 ||    78
       Trident           |       |       |       |       |    38 |    22 ||    60
       Broad axe         |       |       |       |       |    28 |   239 ||   267
 Fire: Longbow           |       |       |       |    36 |       |       ||    36
Throw: Javelin           |       |       |       |     1 |     6 |     2 ||     9
       Dart              |       |       |       |       |     7 |       ||     7
       Boomerang         |       |       |       |       |    26 |       ||    26
Invok: Berserk           |     2 |     4 |     4 |    11 |    14 |     5 ||    40
       Trog's Hand       |       |       |     3 |     5 |    12 |     6 ||    26
       Brothers in Arms  |       |       |       |     1 |     3 |     2 ||     6
 Abil: Spit Poison       |     5 |     1 |     4 |    10 |    14 |       ||    34
Evoke: Lightning rod     |       |       |     9 |    13 |    32 |       ||    54
       Wand              |       |       |       |       |     5 |     1 ||     6
       Phial of floods   |       |       |       |       |     1 |       ||     1
       Tin of tremorston |       |       |       |       |       |     3 ||     3
       Condenser vane    |       |       |       |       |       |     1 ||     1
       Box of beasts     |       |       |       |       |       |     1 ||     1
       Phantom mirror    |       |       |       |       |       |     1 ||     1
  Use: Potion            |       |     3 |       |     4 |       |     6 ||    13
       Scroll            |       |       |       |     5 |     6 |     8 ||    19
 Stab: Sleeping          |     1 |       |       |     1 |    19 |    10 ||    31
       Confused          |       |       |       |     1 |       |       ||     1
       Distracted        |       |       |       |       |     1 |     3 ||     4
       Invisible         |       |       |       |       |       |     3 ||     3
Armor: Animal skin       |     1 |     4 |       |       |       |       ||     5
       Ring mail         |       |       |     1 |       |       |       ||     1
       Robe              |       |       |    14 |    69 |    50 |       ||   133
       Fire dragon scale |       |       |       |       |   102 |    89 ||   191
Dodge: Dodged            |     5 |     8 |    36 |    95 |   116 |    31 ||   291
Block: Buckler           |       |       |       |       |     2 |       ||     2
       Tower shield      |       |       |       |       |       |   143 ||   143
       Reflection        |       |       |       |       |       |    13 ||    13

Table legend: (Time is in decaauts) A = Elapsed time spent in this place. B = Non-inter-level travel time spent in this place. C = Inter-level travel time spent in this place. D = Time resting spent in this place. E = Time spent auto-exploring this place. F = Levels seen in this place. G = Mean time per level. A B C D E F G +--------+--------+--------+--------+--------+-----+--------+ Total | 11104 | 9739 | 1365 | 5373 | 37 | 1 | 11104.0 | Dungeon | 11104 | 9739 | 1365 | 5373 | 37 | 1 | 11104.0 | +--------+--------+--------+--------+--------+-----+--------+

Top non-repeatable levels by time:
       D: 11104 daAuts
